 Dungeon Crawl Stone Soup version 0.24.0-13-gcf9b319 (webtiles) character file.

Game seed: 15822833349308986168, levelgen mode: deterministic

28 Fang the Skirmisher (level 3, -5/24 HPs)
             Began as a Gargoyle Fighter on Dec 18, 2019.
             Slain by Sigmund
             ... wielding a +0 scythe
              (7 damage)
             ... on level 2 of the Dungeon on Dec 19, 2019.
             The game lasted 00:04:24 (854 turns).

Fang the Skirmisher (Gargoyle Fighter)               Turns: 854, Time: 00:04:24

Health: -5/24      AC: 10    Str: 20    XL:     3   Next: 14%
Magic:  3/3        EV:  7    Int:  8    God:
Gold:   8          SH:  9    Dex:  9    Spells: 2/2 levels left

rFire    . . .     SeeInvis .   a - +0 war axe
rCold    . . .     Gourm    .   c - +0 shield
rNeg     + . .     Faith    .   b - +0 scale mail
rPois    ∞         Spirit   .   (no helmet)
rElec    +         Reflect  .   (no cloak)
rCorr    .         Harm     .   (no gloves)
MR       .....                  (no boots)
Stlth    ..........             (no amulet)
HPRegen  0.08/turn              (no ring)
MPRegen  0.08/turn              (no ring)

@: no status effects
A: negative energy resistance 1, electricity resistance, unbreathing,
petrification resistance, rot immunity, AC +3
a: no special abilities


You were on level 2 of the Dungeon.
You were not hungry.

You visited 1 branch of the dungeon, and saw 2 of its levels.

You collected 8 gold pieces.

Inventory:

Hand Weapons
 a - a +0 war axe (weapon)
Armour
 b - a +0 scale mail (worn)
 c - a +0 shield (worn)
Scrolls
 e - a scroll of teleportation {unknown}
Potions
 d - a potion of might
 h - 2 potions of lignification {unknown}
 i - a potion of resistance {unknown}
 j - a potion of cancellation {unknown}
Comestibles
 f - 2 rations
 g - 3 chunks of flesh


   Skills:
 + Level 3.6 Fighting
 + Level 2.1 Axes
 + Level 3.6 Armour
 + Level 3.6 Shields


You had 2 spell levels left.
You didn't know any spells.
Your spell library was empty.

Dungeon Overview and Level Annotations

Branches:
Dungeon (2/15)

Altars:

Annotations:
D:2 Sigmund


Innate Abilities, Weirdness & Mutations

You are resistant to torment.
Your stone body is resilient. (AC +3)
You are immune to poison.
You resist negative energy. (rN+)
You are resistant to electric shocks. (rElec)
You can survive without breathing.
You are immune to petrification.
You are immune to rotting.


Message History

You closely miss the rat. The rat bites you but does no damage.
You hear some strange, mumbled words.
You are confused.
The rat bites you but does no damage. Something hits you.
* * * LOW HITPOINT WARNING * * *
You see here a goblin corpse.
You bump into the rock wall.
The rat bites you but does no damage. Something hits you but does no damage.
You bump into the rock wall.
The rat bites you but does no damage.
You bump into the rock wall.
Something hits you but does no damage. The rat bites you but does no damage.
You bump into the rock wall.
Something hits you but does no damage. The rat bites you but does no damage.
You bump into the rock wall.
You feel less confused. The rat bites you.
* * * LOW HITPOINT WARNING * * *
Something hits you!
You die...

.# .# .# ####
.##....
.#..... ....#
###...#
##@r{(#
#.†#"## #
#.##.# #.
#.##.###
#.###..@...#.
#...#........#
#....†.....###
#...##.....#
######.....#


You could see a rat.

Vanquished Creatures
  A leopard gecko (D:1)
  2 giant cockroaches (D:1)
  5 goblins
  4 hobgoblins (D:1)
  4 kobolds
  3 bats (D:1)
  3 frilled lizards (D:1)
  A rat (D:1)
23 creatures vanquished.

Notes
Turn   | Place    | Note
-------+----------+-------------------------------------------
     0 | D:1      | Fang the Gargoyle Fighter began the quest for the Orb.
     0 | D:1      | Reached XP level 1. HP: 14/14 MP: 1/1
   104 | D:1      | Reached XP level 2. HP: 19/19 MP: 2/2
   738 | D:1      | Reached XP level 3. HP: 23/23 MP: 3/3
   834 | D:2      | Noticed Sigmund
   854 | D:2      | Slain by Sigmund

Levels and vault maps discovered:
D:1:      co_arrival_square_in_a_square_in_a_square, layout_basic
D:2:      layout_rooms, gammafunk_temple_overflow_pools,
          uniq_crazy_yiuf_cottage, uniq_sigmund

Skill      XL: |  1  2 |
---------------+-------+-----
Axes           | 2 |  2.1
Fighting       | |  3.6
Armour         | |  3.6
Shields        | |  3.6

Action                   || total
-------------------------++-------
Melee: War axe           ||   103
Armor: Scale mail        ||    60
Dodge: Dodged            ||    43
Block: Shield            ||    58
